 Dungeon Crawl Stone Soup version 0.31.0-32-g396128a36d (webtiles) character file.

Game seed: 11054777805116539424

2069 AllForNothing the Zephyrmancer (level 9, -9/46 (57) HPs)
             Began as a Tengu Summoner on Mar 17, 2024.
             Was an Initiate of Ashenzari.
             Mangled by Joseph
             ... wielding a +4 quarterstaff of draining
              (15 damage)
             ... on level 7 of the Dungeon.
             The game lasted 00:13:23 (6129 turns).

AllForNothing the Zephyrmancer (Tengu Summoner)     Turns: 6129, Time: 00:13:23

HP:   -9/46 (57)    AC:  4    Str:  8    XL:     9   Next: 26%
MP:   7/14          EV: 17    Int: 19    God:    Ashenzari [......]
Gold: 155           SH:  0    Dex: 22    Spells: 1/14 levels left

rFire   . . .        m - +7 trident
rCold   + . .        (no shield)
rNeg    . . .        y - +2 robe {Will+}
rPois   .            (helmet restricted)
rElec   .            (no cloak)
rCorr   .            (no gloves)
SInv    .            (boots unavailable)
Will    +....        (no amulet)
Stlth   ++           C - ring of protection from cold
HPRegen 0.27/turn    D - +6 ring of dexterity
MPRegen 0.14/turn

%: acrobat
@: flying, heavily drained
A: beak, talons 3, evasive flight, acrobatic
a: Renounce Religion, Curse Item


You were on level 7 of the Dungeon.
You worshipped Ashenzari.
Ashenzari was noncommittal.
You visited 2 branches of the dungeon, and saw 8 of its levels.

You collected 350 gold pieces.
You spent 195 gold pieces at shops.


Innate Abilities, Weirdness & Mutations

You have a beak for a mouth.
You have claws for feet.
Your magical flight helps you evade attacks. (EV +4)
You can magically evade attacks while moving or waiting.


   Skills:
 + Level 7.4 Fighting
 + Level 1.5 Polearms
 - Level 2.1 Dodging
 - Level 2.0 Stealth
 - Level 3.0 Spellcasting
 + Level 0.0 Conjurations
 - Level 8.0 Summonings
 - Level 9.0 Air Magic
 + Level 0.0 Alchemy


You had one spell level left.
You knew the following spells:

 Your Spells              Type           Power      Damage    Failure   Level
c - Call Imp              Summ           66%        N/A       1%          2
f - Call Canine Familiar  Summ           33%        N/A       1%          3
l - Summon Lightning Spi  Summ/Air       35%        N/A       4%          4
m - Mephitic Cloud        Conj/Alch/Air  14%        N/A       13%         3
z - Summon Small Mammal   Summ           100%       N/A       1%          1

Your spell library contained the following spells:

 Spells                   Type           Power      Damage    Failure   Level
 Summon Blazeheart Golem  Fire/Summ      18%        N/A       28%         4
 Dazzling Flash           Conj/Hex       4%         N/A       41%         3
 Silence                  Hex/Air        9%         N/A       54%         5
 Curse of Agony           Necr           2%         N/A       99%         5

Inventory:

Hand Weapons
 m - a +7 trident (weapon)
 o - a +3 whip
 t - a +2 vampiric trident
Missiles
 k - a throwing net {=f}
 v - 2 poisoned darts (quivered)
Armour
 y - a +2 robe of willpower (worn)
Jewellery
 C - a ring of protection from cold (left hand)
 D - a +6 ring of dexterity (right hand)
Talismans
 u - a flux talisman
Wands
 a - a wand of flame (25)
 l - a wand of roots (2)
Scrolls
 c - 10 scrolls of identify {unknown}
 d - a scroll of poison {unknown}
 f - a scroll of summoning {unknown}
 g - 3 scrolls of vulnerability {unknown}
 j - a scroll of fear {unknown}
 w - 4 scrolls of teleportation {unknown}
 z - a scroll of fog {unknown}
Potions
 b - 2 potions of magic
 e - 6 potions of curing {unknown}
 h - 2 potions of ambrosia {unknown}
 i - a potion of brilliance {unknown}
 n - a potion of enlightenment {unknown}
 p - 3 potions of mutation {unknown}
 q - a potion of invisibility {unknown}
 r - a potion of lignification {unknown}
 s - a potion of resistance {unknown}
 x - 3 potions of attraction {unknown}

Dungeon Overview and Level Annotations

Branches:
Dungeon (7/15)             Temple (1/1) D:4

Altars:
Ashenzari
Cheibriados
Dithmenos
Fedhas
Hepliaklqana
Makhleb
Okawaru
Qazlal
Ru
Sif Muna
Trog
Uskayaw
Wu Jian
Yredelemnul
Zin

Shops:
D:4 *

Annotations:
D:7 Joseph

## ##.########
#####...8......
.......@@...#
#####.#.#...# #
.## ...>. ##
####


You could see Joseph (ally target) and a friendly lightning spire (summoned).


Message History

Unknown command.
You are too injured to fight recklessly!
Unknown command.
You are too injured to fight recklessly!
Unknown command.
You are too injured to fight recklessly!
Unknown command.
You hit Joseph. You claw Joseph, but do no damage.
You peck Joseph, but do no damage.
Joseph is severely wounded.
Joseph hits you with a +4 quarterstaff of draining.
* * * LOW HITPOINT WARNING * * *
You feel drained.
* * * LOW HITPOINT WARNING * * *
Your magical contamination has completely faded away.
You hit Joseph but do no damage. Your peck misses Joseph.
Joseph is severely wounded.
Joseph hits you with a +4 quarterstaff of draining!
* * * LOW HITPOINT WARNING * * *
You feel drained.
* * * LOW HITPOINT WARNING * * *
Unknown command.
You hit Joseph. Your kick misses Joseph. You peck Joseph.
Joseph is almost dead.
Joseph barely misses you.
Unknown command.
You barely miss Joseph.
Joseph is almost dead.
Joseph hits you with a +4 quarterstaff of draining!
You die...

Skill      XL: |  1  2  3  4  5  6  7  8  9 |
---------------+----------------------------+-----
Fighting       | 1 2 4 6 7 |  7.4
Summonings     | 5 6 7 8 |  8.0
Spellcasting   | 3 |  3.0
Air Magic      | 4 6 8 9 |  9.0
Polearms       | 1 |  1.5
Dodging        | |  2.1
Stealth        | |  2.0

Action                     |  1- 3 |  4- 6 |  7- 9 || total
---------------------------+-------+-------+-------++-------
  Melee: Unarmed           |    16 |       |       ||    16
         Kick              |    16 |    17 |    29 ||    62
         Peck              |     6 |     7 |    25 ||    38
         Short sword       |    52 |    32 |       ||    84
         Punch             |       |     2 |     3 ||     5
         Whip              |       |    22 |       ||    22
         Trident           |       |    11 |   109 ||   120
  Throw: Dart              |       |     2 |       ||     2
   Cast: Summon Small Mamm |    16 |       |       ||    16
         Call Imp          |     3 |     3 |     1 ||     7
         Call Canine Famil |       |     7 |     7 ||    14
         Summon Lightning  |       |     1 |    15 ||    16
  Evoke: Wand              |       |       |     1 ||     1
   Stab: Sleeping          |     4 |     7 |     2 ||    13
         Distracted        |       |       |     2 ||     2
 Armour: Robe              |    16 |    20 |    74 ||   110
  Dodge: Dodged            |    53 |    42 |   133 ||   228

Levels and vault maps discovered:
D:1:      minmay_arrival_three_doors, layout_basic
D:2:      layout_basic, hellmonk_ecumenical_altar_pennies_from_heaven,
          lightli_corner_chamber
D:3:      kennysheep_big_flooded_room, layout_rooms
D:4:      layout_rooms, minmay_temple_entry_butterflies, serial_shops,
          nicolae_shop_trees
D:5:      layout_gridville, mainiacjoe_overflow_large_starburst, uniq_grinder,
          uniq_blork_the_orc, uniq_duvessa, uniq_ijyb, uniq_menkaure
D:6:      layout_rooms, mainiacjoe_overflow_surrounded_room, minmay_bent,
          uniq_eustachio
D:7:      layout_loops_ring, nicolae_vehumet_altar_sigil, minitemple,
          grunt_ministairs_12, mumra_transporter_accident, minmay_holes,
          uniq_crazy_yiuf_cottage, uniq_pikel, uniq_joseph
Temple:   hc_temple_tempest_star

Notes
Turn   | Place    | Note
-------+----------+-------------------------------------------
     0 | D:1      | AllForNothing the Tengu Summoner began the quest for the
                  | Orb.
     0 | D:1      | Reached XP level 1. HP: 10/10 MP: 4/4
    78 | D:1      | Reached skill level 1 in Fighting
    84 | D:1      | HP: 1/12 [frozen (5)]
   225 | D:1      | Reached XP level 2. HP: 16/16 MP: 0/6
   491 | D:1      | Reached skill level 2 in Fighting
   574 | D:1      | Reached skill level 5 in Summonings
   579 | D:1      | Learned a level 2 spell: Call Imp
   674 | D:1      | Reached XP level 3. HP: 21/21 MP: 7/7
  1170 | D:2      | Found a faded altar of an unknown god.
  1747 | D:2      | Reached skill level 6 in Summonings
  1747 | D:2      | Reached XP level 4. HP: 24/26 MP: 5/8
  1752 | D:2      | HP: 1/26 [gnoll/+0 spear (7)]
  1857 | D:1      | Learned a level 3 spell: Call Canine Familiar
  2561 | D:3      | Identified the +0 sling "Concordance" {heavy, rC+ Will++
                  | rCorr}
  2863 | D:3      | Reached XP level 5. HP: 17/30 MP: 3/9
  2870 | D:3      | Reached skill level 7 in Summonings
  3341 | D:4      | Noticed a black bear
  3346 | D:4      | Killed a black bear
  3347 | D:4      | Reached skill level 3 in Spellcasting
  3347 | D:4      | Reached XP level 6. HP: 27/35 MP: 6/11
  3352 | D:4      | Learned a level 4 spell: Summon Lightning Spire
  3407 | D:4      | Found Defuidgh's Assorted Antiques.
  3424 | D:4      | Reached skill level 1 in Air Magic
  3426 | D:4      | Bought a runed trident for 195 gold pieces
  3515 | D:4      | Found a staircase to the Ecumenical Temple.
  3578 | Temple   | Entered the Ecumenical Temple
  3590 | Temple   | Became a worshipper of Ashenzari the Shackled
  3731 | D:5      | Entered Level 5 of the Dungeon
  3864 | D:5      | Noticed Grinder
  3886 | D:5      | Killed Grinder
  3887 | D:5      | Reached skill level 8 in Summonings
  3887 | D:5      | Reached skill level 4 in Air Magic
  3887 | D:5      | Gained mutation: Your magical flight helps you evade
                  | attacks. (EV +4) [Tengu growth]
  3887 | D:5      | Reached XP level 7. HP: 19/40 MP: 6/12
  4003 | D:5      | Reached skill level 3 in Fighting
  4189 | D:5      | Noticed Blork the orc
  4201 | D:5      | Killed Blork the orc
  4283 | D:5      | Reached skill level 5 in Air Magic
  4363 | D:5      | Noticed Duvessa
  4370 | D:5      | Killed Duvessa
  4371 | D:5      | Reached skill level 4 in Fighting
  4394 | D:5      | Noticed Dowan
  4399 | D:5      | Killed Dowan
  4400 | D:5      | Reached skill level 6 in Air Magic
  4400 | D:5      | Reached XP level 8. HP: 48/48 MP: 8/13
  4414 | D:5      | Noticed Ijyb
  4425 | D:5      | Killed Ijyb
  4509 | D:5      | Found a blossoming altar of Fedhas.
  4515 | D:5      | Found a hazy altar of Hepliaklqana.
  4527 | D:5      | Noticed Menkaure
  4532 | D:5      | Reached skill level 7 in Air Magic
  4540 | D:5      | Killed Menkaure
  4541 | D:5      | Reached skill level 8 in Air Magic
  4906 | D:6      | Noticed Eustachio
  4931 | D:6      | Killed Eustachio
  4932 | D:6      | Reached skill level 5 in Fighting
  5009 | D:6      | Reached skill level 6 in Fighting
  5034 | D:6      | Reached XP level 9. HP: 25/56 MP: 6/14
  5143 | D:6      | Reached skill level 7 in Fighting
  5289 | D:6      | Reached skill level 9 in Air Magic
  5896 | D:6      | Reached skill level 1 in Polearms
  5913 | D:6      | Found a shimmering blue altar of Sif Muna.
  6105 | D:6      | Learned a level 3 spell: Mephitic Cloud
  6119 | D:7      | Noticed Joseph
  6129 | D:7      | Mangled by Joseph

Vanquished Creatures
  Menkaure (D:5)
  Duvessa (D:5)
  A black bear (D:4)
  A phantom (D:6)
  A wight (D:6)
  A hound (D:6)
  4 jellies
  A sleepcap (D:5)
  2 iguanas
  Ijyb (D:5)
  5 adders
  An ufetubus (D:6)
  3 dart slugs
  3 orcs
  4 ball pythons
  5 bats
  4 endoplasms
  3 giant cockroaches
  4 goblins
  6 hobgoblins
  5 quokkas
  5 kobolds
  3 rats
65 creatures vanquished.

Vanquished Creatures (collateral kills)
  Grinder (D:5)
  Eustachio (D:6)
  An orc warrior (D:6)
  A black bear (D:6)
  An ogre (D:5)
  Blork the orc (D:5)
  A scorpion (D:5)
  4 wights (D:6)
  Dowan (D:5)
  A howler monkey (D:5)
  2 jellies (D:6)
  2 bombardier beetles (D:5)
  An iguana (D:5)
  An orc wizard (D:3)
  4 gnolls (D:2)
  A shadow imp (D:6)
  A white imp (D:6)
  An ufetubus (D:6)
  5 orcs
  An endoplasm (D:1)
  2 goblins (D:1)
  2 quokkas (D:1)
  2 bats
  3 kobolds
  A rat (D:1)
  A butterfly (D:4)
43 creatures vanquished.

Grand Total: 108 creatures vanquished

Table legend: (Time is in decaauts)
 A = Elapsed time spent in this place.
 B = Non-inter-level travel time spent in this place.
 C = Inter-level travel time spent in this place.
 D = Time resting spent in this place.
 E = Time spent auto-exploring this place.
 F = Levels seen in this place.
 G = Mean time per level.
                   A        B        C        D        E       F      G
               +--------+--------+--------+--------+--------+-----+--------+
         Total |   6169 |   6032 |    137 |   1025 |   3973 |   8 |  771.1 |
       Dungeon |   6144 |   6030 |    114 |   1025 |   3973 |   7 |  877.7 |
        Temple |     24 |      1 |     23 |      0 |      0 |   1 |   24.0 |
               +--------+--------+--------+--------+--------+-----+--------+

Top non-repeatable levels by time:
     D:5: 1375 daAuts
     D:1: 1260 daAuts
     D:2: 1259 daAuts
     D:6: 1043 daAuts
     D:3: 709 daAuts
     D:4: 485 daAuts
  Temple: 24 daAuts
     D:7: 11 daAuts

Table legend:
 A = Non-vault XP
 B = Vault XP
 C = Vault XP percentage of total XP
 D = Non-vault monster count
 E = Vault monster count
 F = Vault count percentage of total count
                 A         B        C        D         E       F
            +---------+---------+-------+---------+---------+-------
      Total |    1435 |    1522 |  51.5 |      89 |      18 |  16.8
            +---------+---------+-------+---------+---------+-------
        D:1 |      42 |       0 |   0.0 |      23 |       0 |   0.0
        D:2 |      94 |       0 |   0.0 |      16 |       0 |   0.0
        D:3 |      87 |       4 |   4.4 |      16 |       2 |  11.1
        D:4 |     180 |       0 |   0.0 |       9 |       0 |   0.0
        D:5 |     483 |     773 |  61.5 |      13 |       6 |  31.6
        D:6 |     549 |     745 |  57.6 |      12 |      10 |  45.5
            +---------+---------+-------+---------+---------+-------
